 Dungeon Crawl Stone Soup version 0.31-a0-1616-gbeaec30b81 (webtiles) character file.

Game seed: 9004275395514299633

22 Laraso the Vexing (level 2, -1/23 HPs)
             Began as a Draconian Hexslinger on Jan 11, 2024.
             Slain by an iguana (10 damage)
             ... on level 2 of the Dungeon.
             The game lasted 00:01:10 (746 turns).

Laraso the Vexing (Draconian Hexslinger)             Turns: 746, Time: 00:01:11

Health: -1/23      AC:  4    Str: 10    XL:     2   Next: 68%
Magic:  1/3        EV: 12    Int: 13    God:
Gold:   108        SH:  0    Dex: 13    Spells: 1/3 levels left

rFire   . . .        a - +1 sling
rCold   . . .        (no shield)
rNeg    . . .        (body armour unavailable)
rPois   .            (helmet restricted)
rElec   .            (no cloak)
rCorr   .            (no gloves)
SInv    .            (no boots)
Will    .....        (no amulet)
Stlth   +            (no ring)
HPRegen 0.23/turn    (no ring)
MPRegen 0.08/turn

%: no passive effects
@: weak-willed, jinxed
A: AC +4, unfitting armour, cold-blooded
a: no special abilities


You were on level 2 of the Dungeon.
You visited 1 branch of the dungeon, and saw 2 of its levels.

You collected 108 gold pieces.

Inventory:

Hand Weapons
 a - a +1 sling (weapon)
Jewellery
 h - a ring of ice
Scrolls
 b - a scroll of poison
 c - 2 scrolls of teleportation {unknown}
 e - a scroll of enchant weapon {unknown}
 f - a scroll of identify {unknown}
 i - a scroll of fear {unknown}
Potions
 d - a potion of lignification {unknown}
 g - a potion of enlightenment {unknown}


   Skills:
 - Level 1.1 Fighting
 * Level 2.6 Ranged Weapons
 - Level 1.7 Dodging
 - Level 1.0 Spellcasting
 + Level 3.0 Hexes
 - Level 1.0 Fire Magic


You had one spell level left.
You knew the following spells:

 Your Spells              Type           Power      Damage    Failure   Level
a - Jinxbite              Hex            16%        N/A       12%         2

Your spell library contained the following spells:

 Spells                   Type           Power      Damage    Failure   Level
 Sigil of Binding         Hex            8%         N/A       24%         3
 Inner Flame              Hex/Fire       5%         N/A       36%         3
 Cause Fear               Hex            4%         N/A       63%         4
 Dimensional Bullseye     Hex/Tloc       2%         N/A       83%         4


Dungeon Overview and Level Annotations

Branches:
Dungeon (2/15)

Altars:


Innate Abilities, Weirdness & Mutations

Your plain brown scales are hard. (AC +4)
You cannot fit into any form of body armour.
You are cold-blooded and may be slowed by cold attacks.


Message History

Found 6 stones.
There is a stone staircase leading up here.
An iguana is nearby!
Unknown command.
Okay, then.
The iguana hisses angrily.
You climb upwards.
There is a stone staircase leading down here.
You start memorising the spell.
You continue memorising. x2
You finish memorising.
Spell assigned to 'a'.
You climb downwards.
The iguana bites you!
There is a stone staircase leading up, spattered with blood here.
Casting: Jinxbite (safe; 12% risk of failure)
Confirm with . or Enter, or press ? or * to list all spells.
You beckon some vexing sprites to accompany your attacks.
You feel your willpower being sapped. The iguana bites you.
Fire: a) +1 sling
Press: ? - help, Q - select action, (/) - cycle Shift-Dir - straight line, f - iguana
Aim: an iguana (chance to call a sprite on attack: 50%, 60% to hit)
You shoot a sling bullet.
The sling bullet closely misses the iguana.
A giggling sprite leaps out and makes the iguana trip over its own talons.
The iguana is lightly wounded.
The iguana misses you.
Unknown command.
Fire: a) +1 sling
Press: ? - help, Q - select action, (/) - cycle Shift-Dir - straight line, f/p - iguana
Aim: an iguana (lightly wounded, heavily drained, chance to call a sprite on attack: 56%, 60% to hit)
You shoot a sling bullet. The sling bullet hits the iguana!
The iguana is heavily wounded.
The iguana closely misses you.
The iguana bites you but does no damage.
Fire: a) +1 sling
Press: ? - help, Q - select action, (/) - cycle Shift-Dir - straight line, f/p - iguana
Aim: an iguana (heavily wounded, heavily drained, chance to call a sprite on attack: 56%, 60% to hit)
You shoot a sling bullet.
The sling bullet hits the iguana but does no damage.
The iguana is heavily wounded.
The iguana seems less drained.
The iguana bites you!
You die...

#... #..#.....
#.#.##.....#. #
.....#...... ..
...........#.##
..............#
..............#
#...........#
#....@l.....#
.............##
........#...#.#
..............#
......... ....#
...............
.......... .###
...........##


You could see an iguana.

Vanquished Creatures
  5 ball pythons (D:1)
  A bat (D:1)
  2 endoplasms (D:1)
  A giant cockroach (D:1)
  A goblin (D:1)
  4 hobgoblins (D:1)
  A kobold (D:1)
  A quokka (D:1)
  2 rats (D:1)
18 creatures vanquished.

Notes
Turn   | Place    | Note
-------+----------+-------------------------------------------
     0 | D:1      | Laraso the Draconian Hexslinger began the quest for the
                  | Orb.
     0 | D:1      | Reached XP level 1. HP: 16/16 MP: 2/2
   316 | D:1      | Reached XP level 2. HP: 21/23 MP: 3/3
   475 | D:1      | Reached skill level 3 in Hexes
   741 | D:1      | Learned a level 2 spell: Jinxbite
   746 | D:2      | Slain by an iguana

Illustrated notes

Levels and vault maps discovered:
D:1:      minmay_arrival_cross, layout_basic, serial_bayou_lake_a
D:2:      wad_river_or_something, layout_rooms, basic_altar,
          shapermc_ecumenical_altar_acropolis, st_stairs_2, roderic_lattice_a,
          minivault_19, kennysheep_doodads, minmay_pentomino_q4

Skill      XL: |  1  2 |
---------------+-------+-----
Ranged Weapons | 2 |  2.6
Hexes          | 3 |  3.0
Fighting       | |  1.1
Dodging        | |  1.7
Spellcasting   | |  1.0
Fire Magic     | |  1.0

Action                     || total
---------------------------++-------
   Fire: Sling             ||    68
   Cast: Jinxbite          ||     1
 Armour: Skin              ||    16
  Dodge: Dodged            ||    20

Table legend: (Time is in decaauts)
 A = Elapsed time spent in this place.
 B = Non-inter-level travel time spent in this place.
 C = Inter-level travel time spent in this place.
 D = Time resting spent in this place.
 E = Time spent auto-exploring this place.
 F = Levels seen in this place.
 G = Mean time per level.
                   A        B        C        D        E       F      G
               +--------+--------+--------+--------+--------+-----+--------+
         Total |    784 |    740 |     44 |      4 |    569 |   2 |  392.0 |
       Dungeon |    784 |    740 |     44 |      4 |    569 |   2 |  392.0 |
               +--------+--------+--------+--------+--------+-----+--------+

Top non-repeatable levels by time:
     D:1: 777 daAuts
     D:2: 6 daAuts
